ordie, neutral female human Tourist --.----------- +............| |......>.....| --------------- ----|--------- |.............+ # |.....I|.I^...| # |......|.....I| # |......|...)@.| # |......|.).III.######### # |......-...)..|########### # .I...I.|.......##########----+---------- # ------.--------# #-.............|# # ###########|.............-################ |.............| ----|-- |.......%.....| |....#| |.............| |<^...| ---------+----- ------- ordie the Excursionist Experience level: 6 Strength: 25 Dexterity: 9 Constitution: 16 Intelligence: 13 Wisdom: 8 Charisma: 18 Health: 0(50) Energy: 21(21) AC: 2 Gold: 1410 Moves: 3585 Your Inventory: Coins $ - 1410 gold pieces Weapons a - 24 uncursed +2 darts (in quiver) I - an [uncursed +0] dagger V - 3 [uncursed +0] elven daggers (wielded) Armor j - an uncursed +0 Hawaiian shirt o - an [uncursed] +0 pair of gauntlets of power (being worn) z - an [uncursed] +0 ring mail (being worn) A - an [uncursed] +0 hooded cloak [dwarvish] J - an [uncursed] +0 hooded cloak [dwarvish] (being worn) K - an [uncursed] +0 pair of hard shoes [iron] (being worn) S - a [cursed -1] faded pall [elven cloak] T - an [uncursed] +0 leather hat [elven leather helm] U - an [uncursed] +0 dwarvish iron helm (being worn) Comestibles b - 5 uncursed food rations d - 2 uncursed slime molds e - an uncursed apple f - 3 uncursed tripe rations g - an uncursed carrot l - an uncursed pancake v - an [uncursed] fortune cookie Z - an [uncursed] tin [of newt meat] Scrolls i - 5 uncursed scrolls of magic mapping n - an [uncursed] scroll labeled PRATYAVAYAH [of destroy armor] p - 2 [uncursed] scrolls labeled XIXAXA XOXAXA XUXAXA [of light] x - a [blessed] scroll labeled KERNOD WEL [of genocide] N - an [uncursed] scroll labeled FOOBIE BLETCH [of identify] R - 2 [uncursed] scrolls labeled HZLRC KSTSBD MPFNG [of enchant weapon] Spellbooks q - an [uncursed] gray spellbook [of knock] Potions h - 2 uncursed potions of extra healing m - 2 [uncursed] squishy potions [of see invisible] s - a [cursed] golden potion [of sickness] t - a [cursed] magenta potion [of gain ability] O - an [uncursed] brown potion [of object detection] Wands w - an [uncursed] wand of cold [0:7] C - an [uncursed] wand of striking [0:1] Tools c - an uncursed expensive camera (0:43) k - an [uncursed] key [skeleton key] G - an [uncursed] pair of lenses (being worn) H - an uncursed credit card Gems u - 2 [uncursed] orange gems [worthless glass] E - 2 [uncursed] black gems [obsidian] F - an [uncursed] red gem [worthless glass] X - an [uncursed] gray stone [touchstone] Spells known in the end: Name Level Category Fail Memory Your skills at the end: Fighting Skills Weapon Skills dart [Basic / Expert] Spellcasting Skills Final Attributes: You were piously aligned. Hunger level was 548. Your alignment was 27 / 27. Monster difficulty range was 1 - 7. Level difficulty was 8. You were blinded. You had wounded legs. Your luck was zero. You are dead. Vanquished creatures: a giant mimic 3 wolves a leprechaun a forest centaur a Woodland-elf a bugbear 2 Uruk-hai a yellow light a gnome lord 2 giant ants a dwarf 4 iguanas 4 acid blobs a coyote 2 hobbits 2 large kobolds a hobgoblin 3 giant rats a yellow mold a red mold 3 geckos 3 jackals a fox 3 goblins 5 sewer rats 6 grid bugs 3 lichens 2 kobold zombies 4 newts 64 creatures vanquished. Voluntary challenges: You used a wielded weapon 5 times. You read items or engraved 3 times. You put on armor 11 times. You never genocided any monsters. You never polymorphed an object. You never changed form. You used no wishes. You wrote Elbereth's name 2 times. You never encountered a bones level. You never used any Sokoban shortcuts. Dungeon overview: The Dungeons of Doom: levels 1 to 9 Level 1 a fountain a long staircase Level 2 a music store Level 4 a fountain stairs to The Gnomish Mines Level 5 a fountain, a sink Level 6 a weapon shop Level 7 a fountain Level 8 <- You were here a sink The Gnomish Mines: Level 5 stairs to The Dungeons of Doom History has recorded: On T:1 you entered the Dungeons of Doom to retrieve the Amulet of Yendor! On T:541 you reached level 2 of The Dungeons of Doom. On T:773 you advanced to experience level 2. On T:811 you reached level 3 of The Dungeons of Doom. On T:1157 you reached level 4 of The Dungeons of Doom. On T:1272 you reached level 1 of The Gnomish Mines. On T:1340 you advanced to experience level 3. On T:1843 you advanced to experience level 4. On T:1959 you reached level 5 of The Dungeons of Doom. On T:2294 you reached level 6 of The Dungeons of Doom. On T:2307 you reached level 7 of The Dungeons of Doom. On T:3074 you reached level 8 of The Dungeons of Doom. On T:3160 you advanced to experience level 5. On T:3182 you reached level 9 of The Dungeons of Doom. On T:3364 you advanced to experience level 6. Latest messages: It bites! You hear some noises. [HP-9=18] KAABLAMM!!! You triggered a land mine! Your movements are slowed slightly because of your load. You escape a pit. It misses. [HP-6=12] [2 turns] [HP+1=13] You begin praying to The Lady. Something growls! You feel hemmed in. You feel something move nearby. (13x) You finish your prayer. You feel that The Lady is well-pleased. [3 turns] Wait! There's something there you can't see! It bites! It misses. It bites! (2x) You die... Final status: Aloha ordie the Tourist... You died in The Dungeons of Doom on dungeon level 8 with 2548 points, and 1410 pieces of gold, after 3585 moves. You were level 6 with a maximum of 50 hit points when you died.